 Dungeon Crawl Stone Soup version 0.26-a0-540-g8a0c9464d7 (webtiles) character file.

Game seed: 13097167175290911892

46 hickop the Magician (level 3, -1/37 HPs)
             Began as a Palentonga Hedge Wizard on Aug 18, 2020.
             Slain by a worm (7 damage)
             ... on level 2 of the Dungeon.
             The game lasted 00:08:33 (1718 turns).

hickop the Magician (Palentonga Hedge Wizard)       Turns: 1718, Time: 00:08:34

Health: -1/37      AC: 21    Str: 14    XL:     3   Next: 46%
Magic:  4/8        EV:  1    Int: 14    God:
Gold:   124        SH:  0    Dex:  9    Spells: 8/9 levels left

rFire    . . .     SeeInvis +   a - +0 dagger
rCold    . . .     Faith    .   (no shield)
rNeg     + + +     Spirit   .   (armour currently unavailable)
rPois    +         Reflect  .   (helmet currently unavailable)
rElec    .         Harm     .   (cloak currently unavailable)
rCorr    .         NoTele   +   (gloves currently unavailable)
MR       .....                  (boots currently unavailable)
Stlth    ++........             (no amulet)
HPRegen  0.12/turn              (no ring)
MPRegen  0.11/turn              (no ring)

@: tree-form (expiring), stab
A: large, rugged brown scales 3, see invisible
a: no special abilities


You were on level 2 of the Dungeon.
You were a tree.
You visited 1 branch of the dungeon, and saw 2 of its levels.

You collected 124 gold pieces.

Inventory:

Hand Weapons
 a - a +0 dagger (weapon)
Armour
 b - a +0 robe (melded)
 c - a +0 hat (melded)
Scrolls
 d - 2 scrolls of remove curse
 g - a scroll of amnesia
 i - 3 scrolls of fog
 j - a scroll of enchant weapon {unknown}
 k - a scroll of magic mapping {unknown}
 l - a scroll of blinking {unknown}


   Skills:
 + Level 0.2 Short Blades
 + Level 2.2 Dodging
 + Level 1.6 Stealth
 + Level 3.5 Spellcasting
 + Level 1.3 Conjurations
   Level 0.7 Summonings
   Level 1.0 Translocations


You had 8 spell levels left.
You knew the following spells:

 Your Spells              Type           Power        Failure   Level
a - Magic Dart            Conj           #...         12%         1

Your spell library contained the following spells:

 Spells                   Type           Power        Failure   Level
 Blink                    Tloc           N/A          21%         2
 Call Imp                 Summ           #.......     22%         2
 Slow                     Hex            #.......     30%         2
 Conjure Flame            Conj/Fire      #.......     43%         3
 Mephitic Cloud           Conj/Pois/Air  #.......     45%         3


Dungeon Overview and Level Annotations

Branches:
Dungeon (2/15)

Altars:
Xom


Innate Abilities, Weirdness & Mutations

(You are completely covered in rugged brown scales. (AC +3, +7% HP))
You have supernaturally acute eyesight. (SInv)
((Armour fits poorly on your strangely shaped body.))
((You can roll at foes to attack.))
((You have a long armoured tail.))


Message History

You hit the worm but do no damage.
The worm is lightly wounded.
You hit the worm.
The worm is moderately wounded.
The worm bites you but does no damage.
You hit the worm.
The worm is moderately wounded.
You hit the worm.
The worm is moderately wounded.
The worm bites you but does no damage.
You hit the worm but do no damage.
The worm is moderately wounded.
The worm bites you but does no damage.
You barely miss the worm.
The worm is moderately wounded.
Your transformation is almost over.
You hit the worm.
The worm is moderately wounded.
The worm bites you!
You die...

#. #. # .# . ..# . #.
l# ....#
#.#w###.##....# .
#.##.#..#...#.# ..
.#..g## .....#
#.##.#.#.###..#
#....###......#
#....♣ww......#
#######.......########
+...............
#.......###.####
####+#####...# #...#
#...# #...# #...#


You could see 2 worms.

Vanquished Creatures
  2 dart slugs (D:1)
  2 leopard geckos
  4 giant cockroaches
  12 goblins
  3 hobgoblins
  A jackal (D:2)
  3 bats (D:1)
  3 frilled lizards (D:1)
  4 kobolds
  A rat (D:1)
35 creatures vanquished.

Notes
Turn   | Place    | Note
-------+----------+-------------------------------------------
     0 | D:1      | hickop the Palentonga Hedge Wizard began the quest for the
                  | Orb.
     0 | D:1      | Reached XP level 1. HP: 13/13 MP: 4/4
   439 | D:1      | Reached XP level 2. HP: 20/20 MP: 6/6
   466 | D:1      | Reached skill level 1 in Conjurations
   979 | D:1      | Reached XP level 3. HP: 25/25 MP: 3/7
  1313 | D:1      | Found a shimmering altar of Xom.
  1315 | D:1      | Found a basalt altar of Yredelemnul.
  1315 | D:1      | Found a shattered altar of Ashenzari.
  1315 | D:1      | Found a shadowy altar of Dithmenos.
  1315 | D:1      | Found a bloodstained altar of Trog.
  1315 | D:1      | Found a shimmering altar of Xom.
  1718 | D:2      | Slain by a worm

Illustrated notes

Levels and vault maps discovered:
D:1:      doesnt_arrival_eight_statues, layout_loops_ring,
          minmay_misc_feat_cross, doesnt_xom_only_xom
D:2:      layout_basic, minmay_pentomino_pile

Skill      XL: |  1  2 |
---------------+-------+-----
Conjurations   | 1 |  1.3
Dodging        | 2 |  2.2
Short Blades   | |  0.2
Stealth        | |  1.6
Spellcasting   | |  3.5
Summonings     | |  0.7
Translocations | |  1.0

Action                   || total
-------------------------++-------
Melee: Dagger            ||   143
       Tailslap          ||     8
 Cast: Magic Dart        ||    45
 Abil: Rolling Charge    ||    14
  Use: Scroll            ||     3
       Potion            ||     2
 Stab: Sleeping          ||     1
Armor: Robe              ||    55
       Skin              ||     5
Dodge: Dodged            ||    91

Table legend: (Time is in decaauts)
 A = Elapsed time spent in this place.
 B = Non-inter-level travel time spent in this place.
 C = Inter-level travel time spent in this place.
 D = Time resting spent in this place.
 E = Time spent auto-exploring this place.
 F = Levels seen in this place.
 G = Mean time per level.
                   A        B        C        D        E       F      G
               +--------+--------+--------+--------+--------+-----+--------+
         Total |   1717 |   1710 |      7 |      0 |   1323 |   2 |  858.5 |
       Dungeon |   1717 |   1710 |      7 |      0 |   1323 |   2 |  858.5 |
               +--------+--------+--------+--------+--------+-----+--------+

Top non-repeatable levels by time:
     D:1: 1567 daAuts
     D:2: 150 daAuts
